 Dungeon Crawl Stone Soup version 0.30-a0-137-gd8773701ce (webtiles) character file.

Game seed: 15374663879935384113

94 funkygono the Cudgeller (level 5, -2/46 HPs)
             Began as a Meteoran Fighter on Sept 23, 2022.
             Slain by a hobgoblin (3 damage)
             ... on level 2 of the Dungeon.
             The game lasted 00:03:25 (846 turns).

funkygono the Cudgeller (Meteoran Fighter)           Turns: 846, Time: 00:03:25

Health: -2/46      AC: 10    Str: 20    XL:     5   Next: 17%
Magic:  6/6        EV:  7    Int:  9    God:
Gold:   28         SH:  5    Dex: 13    Spells: 4/4 levels left

rFire   + . .      SeeInvis .    a - +0 flail
rCold   x . .      Faith    .    c - +0 buckler
rNeg    . . .      Spirit   .    f - +0 chain mail
rPois   .          Reflect  .    (no helmet)
rElec   .          Harm     .    l - +0 cloak
rCorr   .          Rampage  .    (no gloves)
Will    .....                    (no boots)
Stlth   ..........               (no amulet)
HPRegen 0.15/turn                p - ring of fire
MPRegen 0.10/turn                (no ring)

@: glowing
A: sense surroundings 1, otherworldly, glowing, explore regen
a: no special abilities


You were on level 2 of the Dungeon.
You visited 1 branch of the dungeon, and saw 2 of its levels.

You collected 28 gold pieces.

Inventory:

Hand Weapons
 a - a +0 flail (weapon)
Armour
 b - a +0 scale mail
 c - a +0 buckler (worn)
 f - a +0 chain mail (worn)
 l - a +0 cloak (worn)
Jewellery
 p - a ring of fire (left hand)
Scrolls
 h - 2 scrolls of amnesia {unknown}
 j - a scroll of magic mapping {unknown}
 k - a scroll of fog {unknown}
 m - 2 scrolls of fear {unknown}
 n - 2 scrolls of identify {unknown}
 o - a scroll of teleportation {unknown}
Potions
 d - a potion of might
 e - a potion of flight {unknown}
 g - a potion of lignification {unknown}
 i - 2 potions of attraction {unknown}


   Skills:
 + Level 3.9 Fighting
 + Level 4.5 Maces & Flails
 + Level 4.3 Armour
 + Level 0.3 Dodging
 + Level 4.1 Shields


You had 4 spell levels left.
You didn't know any spells.
Your spell library was empty.

Dungeon Overview and Level Annotations

Branches:
Dungeon (2/15) Zot: 319

Altars:


Innate Abilities, Weirdness & Mutations

You passively map a small area around you.
You are easily found by Zot.
You glow in the dark.
You regain HP and MP as you explore.


Message History

The gnoll hits you with a +0 whip. You block the adder's attack.
You block the gnoll's attack. The gnoll barely misses you. x2
The adder bites you but does no damage.
You sock the adder!
You kill the adder!
The gnoll hits you from afar with a +0 spear.
You block the gnoll's attack.
The gnoll hits you but does no damage. x3
You sock the gnoll!
The gnoll is almost dead.
The gnoll hits you from afar with a +0 spear.
The gnoll barely misses you. The gnoll hits you but does no damage.
You barely miss the gnoll. The gnoll barely misses you.
The gnoll hits you with a +0 spear! The gnoll hits you with a +0 whip.
You closely miss the gnoll.
The gnoll hits you from afar with a +0 spear.
* * * LOW HITPOINT WARNING * * *
The gnoll hits you with a +0 whip.
* * * LOW HITPOINT WARNING * * *
The gnoll hits you but does no damage.
You thump the gnoll!
You kill the gnoll!
You block the gnoll's attack. The gnoll hits you but does no damage.
You have reached level 5!
You closely miss the gnoll.
The gnoll hits you from afar with a +0 spear.
* * * LOW HITPOINT WARNING * * *
The gnoll hits you but does no damage. x2
You sock the gnoll!
You kill the gnoll!
The gnoll closely misses you.
You closely miss the hobgoblin. The gnoll hits you but does no damage.
The hobgoblin hits you but does no damage.
Unknown command.
You hit the gnoll.
The gnoll is lightly wounded.
The gnoll hits you with a +0 whip.
* * * LOW HITPOINT WARNING * * *
The hobgoblin hits you.
You die...

* ** * * * , **
#.. , ,, , ...(...
#.. * * * **
....... #.. , ,
....... #.. *
....... #.. **
###### ....... #..
, ,##....##
*....... ..## *
##......###.......
#... *
#........@g.......
**## *
#.......g#########
# * ###........#
######.......(..#
..$....##......##
.#####†###....## ,
* #†# ###### , #.#
#.# * .


You could see a gnoll and a hobgoblin.

Vanquished Creatures
  2 adders (D:2)
  2 gnolls (D:2)
  A worm (D:2)
  3 dart slugs
  6 bats
  3 endoplasms (D:1)
  11 giant cockroaches
  3 goblins
  2 hobgoblins (D:1)
  3 kobolds
  4 quokkas (D:1)
  2 frilled lizards (D:1)
  A rat (D:1)
43 creatures vanquished.

Notes
Turn   | Place    | Note
-------+----------+-------------------------------------------
     0 | D:1      | funkygono the Meteoran Fighter began the quest for the Orb.
     0 | D:1      | Reached XP level 1. HP: 19/19 MP: 2/2
    78 | D:1      | Reached XP level 2. HP: 26/26 MP: 3/3
   271 | D:1      | Reached XP level 3. HP: 31/31 MP: 4/4
   485 | D:1      | Glimpsed the power of Zot.
   566 | D:2      | Reached XP level 4. HP: 19/40 MP: 5/5
   842 | D:2      | Reached XP level 5. HP: 8/46 MP: 6/6
   846 | D:2      | HP: 1/46 [gnoll/+0 whip (6)]
   846 | D:2      | Slain by a hobgoblin

Illustrated notes

Levels and vault maps discovered:
D:1:      amcnicky_arrival_flooded_fountain, layout_loops_ring
D:2:      minmay_roachtagon, layout_basic, minmay_misc_feat_more_columns

Skill      XL: |  1  2  3  4 |
---------------+-------------+-----
Maces & Flails | 3 4 |  4.5
Armour         | 4 |  4.3
Shields        | 4 |  4.1
Fighting       | |  3.9
Dodging        | |  0.3

Action                   |  1- 3 |  4- 6 || total
-------------------------+-------+-------++-------
Melee: Flail             |    63 |    64 ||   127
Armor: Scale mail        |     3 |       ||     3
       Chain mail        |    38 |    51 ||    89
Dodge: Dodged            |    19 |    21 ||    40
Block: Buckler           |    18 |    23 ||    41

Table legend: (Time is in decaauts)
 A = Elapsed time spent in this place.
 B = Non-inter-level travel time spent in this place.
 C = Inter-level travel time spent in this place.
 D = Time resting spent in this place.
 E = Time spent auto-exploring this place.
 F = Levels seen in this place.
 G = Mean time per level.
                   A        B        C        D        E       F      G
               +--------+--------+--------+--------+--------+-----+--------+
         Total |    879 |    879 |      0 |      0 |      8 |   2 |  439.5 |
       Dungeon |    879 |    879 |      0 |      0 |      8 |   2 |  439.5 |
               +--------+--------+--------+--------+--------+-----+--------+

Top non-repeatable levels by time:
     D:1: 543 daAuts
     D:2: 335 daAuts
